 Dungeon Crawl Stone Soup version 0.31-a0-459-gc8a9bf3d51 (console) character file.

Game seed: 1243360342168882050

197 Lexodia the Conjurer (level 5, -2/28 HPs)
             Began as a Tengu Fire Elementalist on Aug 4, 2023.
             Was an Initiate of Ashenzari.
             Killed by nerve-wracking pain
             ... invoked by an orc priest
              (5 damage)
             ... on level 3 of the Dungeon.
             The game lasted 00:04:37 (3270 turns).

Lexodia the Conjurer (Tengu Fire Elementalist)      Turns: 3270, Time: 00:04:38

Health: -2/28      AC:  7    Str:  9    XL:     5   Next: 75%
Magic:  5/10       EV: 12    Int: 17    God:    Ashenzari [......]
Gold:   191        SH:  0    Dex: 14    Spells: 7/10 levels left

rFire   + . .        o - +1 hand axe (elec)
rCold   + . .        (no shield)
rNeg    . . .        i - +2 ring mail {rF+}
rPois   .            (helmet restricted)
rElec   .            (no cloak)
rCorr   .            (no gloves)
SInv    .            (boots unavailable)
Will    .....        (no amulet)
Stlth   +            p - ring of protection from cold
HPRegen 0.24/turn    (no ring)
MPRegen 0.12/turn

%: no passive effects
@: flying quickly and evasively, very slightly contaminated, quick
A: beak, talons 3, nimble flight
a: Renounce Religion


You were on level 3 of the Dungeon.
You worshipped Ashenzari.
Ashenzari was noncommittal.
You visited 1 branch of the dungeon, and saw 3 of its levels.

You collected 191 gold pieces.

Inventory:

Hand Weapons
 c - a +0 mace
 o - a +1 hand axe of electrocution (weapon)
 q - a +2 whip of freezing
Missiles
 m - 5 poisoned darts
Armour
 a - a +0 robe
 i - a +2 ring mail of fire resistance (worn)
Jewellery
 p - a ring of protection from cold (left hand)
Wands
 r - a wand of paralysis (6)
Scrolls
 d - 3 scrolls of immolation {unknown}
 g - 3 scrolls of revelation {unknown}
 h - a scroll of identify {unknown}
 j - 2 scrolls of amnesia {unknown}
 l - a scroll of noise {unknown}
Potions
 b - a potion of magic
 e - a potion of mutation {unknown}
 f - a potion of degeneration {unknown}
 k - 2 potions of enlightenment {unknown}
 n - a potion of attraction {unknown}


   Skills:
 - Level 2.1 Dodging
 - Level 2.0 Stealth
 + Level 3.1 Spellcasting
 * Level 5.2 Conjurations
 + Level 4.3 Fire Magic


You had 7 spell levels left.
You knew the following spells:

 Your Spells              Type           Power      Damage    Failure   Level
a - Foxfire               Conj/Fire      76%        2x1d7     7%          1
b - Scorch                Fire           34%        2d6       12%         2

Your spell library contained the following spells:

 Spells                   Type           Power      Damage    Failure   Level
 Inner Flame              Hex/Fire       10%        N/A       52%         3
 Volatile Blastmotes      Fire/Tloc      20%        2d11      52%         3
 Flame Wave               Conj/Fire      19%        2d7       54%         4
 Passage of Golubria      Tloc           2%         N/A       99%         4
 Silence                  Hex/Air        1%         N/A       100%        5
 Lehudib's Crystal Spear  Conj/Erth      5%         10d3      100%        8


Dungeon Overview and Level Annotations

Branches:
Dungeon (3/15)

Altars:
Ashenzari
Trog
Zin
The Shining One


Innate Abilities, Weirdness & Mutations

You have a beak for a mouth.
You have claws for feet.
Your magical nature lets you fly swiftly and evasively.


Message History

Flames lash the orc priest.
The orc priest is heavily wounded.
The orc priest's fire resistance burns away.
You hear some strange, mumbled words.
A magic dart appears from out of thin air!
The magic dart hits you but does no damage.
The orc priest hits you from afar with a +0 trident.
Damage: -7%(-2hp) hp: 90%(25hp)
Casting: Scorch (safe; 12% risk of failure)
Confirm with . or Enter, or press ? or * to list all spells.
You miscast Scorch.
You are very lightly contaminated with residual magic.
Nothing appears to happen.
The orc priest hits you but does no damage.
Something hits you.
Damage: -11%(-3hp) hp: 79%(22hp)
Casting: Scorch (safe; 12% risk of failure)
Confirm with . or Enter, or press ? or * to list all spells.
You conjure some foxfire!
Something hits you. The orc priest barely misses you.
Damage: -7%(-2hp) hp: 72%(20hp)
You hit something but do no damage. You claw something. You peck something.
The foxfire hits something but does no damage.
The orc priest looks encouraged for a moment.
You hear some strange, mumbled words.
Something tries to affect you, but you resist.
Unknown command.
You barely miss something. Your kick misses something.
Something hits you but does no damage.
The orc priest hits you from afar with a +0 trident!
Huge Dmg: -29%(-8hp) hp: 43%(12hp)
You hit something. Your kick misses something.
The orc priest is no longer more vulnerable to fire.
Something hits you but does no damage.
The orc priest hits you from afar with a +0 trident.
* * * LOW HITPOINT WARNING * * *
Something hits you.
* * * LOW HITPOINT WARNING * * *
The orc priest mumbles some strange prayers to Beogh against you.
Pain shoots through your body!
You die...

........
##########......(.#...#
........# #....###.#...#
.... #....# #.#...# ....
#... ###.##.## ####
....#...#.... #
###+#.#.###.### .
........###.###
####.#######.#.##.......
......)@v....#.##.##....
.?...o{#####'#.##.##.###
....... #.....##.##.#..
....... #.....#........
....... #.....#####.#.#
....... #...........#.#
....... #....########.#
# ####### #...)# #.# #.
#....# #..


You could see an orc priest.

Vanquished Creatures
  Ijyb (D:3)
  Natasha (thrice) (D:2)
  3 gnolls (D:3)
  2 adders (D:3)
  A worm (D:2)
  6 orcs (D:3)
  2 bats (D:2)
  4 endoplasms
  A giant cockroach (D:2)
  3 goblins (D:1)
  5 jackals (D:2)
  3 kobolds
  A quokka (D:1)
  6 ball pythons
  5 frilled lizards
  7 rats
53 creatures vanquished.

Vanquished Creatures (others)
  172 foxfires
172 creatures vanquished.

Grand Total: 225 creatures vanquished

Notes
Turn   | Place    | Note
-------+----------+-------------------------------------------
     0 | D:1      | Lexodia the Tengu Fire Elementalist began the quest for the
                  | Orb.
     0 | D:1      | Reached XP level 1. HP: 10/10 MP: 4/4
   225 | D:1      | Huge Dmg: 3 dmg
   226 | D:1      | Huge Dmg: 3 dmg
   227 | D:1      | Huge Dmg: 3 dmg
   230 | D:1      | Reached skill level 2 in Conjurations
   349 | D:1      | Huge Dmg: 4 dmg
   359 | D:1      | Reached XP level 2. HP: 12/15 MP: 3/6
   362 | D:1      | Learned a level 2 spell: Scorch
   404 | D:1      | Huge Dmg: 4 dmg
  1226 | D:2      | Huge Dmg: 2 dmg
  1229 | D:2      | Reached XP level 3. HP: 9/19 MP: 4/7
  1306 | D:2      | Reached skill level 3 in Conjurations
  1893 | D:2      | Noticed Natasha
  1896 | D:2      | Killed Natasha
  1897 | D:2      | Reached XP level 4. HP: 24/24 MP: 3/8
  1985 | D:2      | Noticed Natasha
  1989 | D:2      | Killed Natasha
  1990 | D:2      | Reached skill level 4 in Conjurations
  2097 | D:2      | Noticed Natasha
  2102 | D:2      | Huge Dmg: 5 dmg
  2103 | D:2      | Huge Dmg: 8 dmg
  2107 | D:2      | Killed Natasha
  2450 | D:3      | Gained mutation: Your magical nature lets you fly swiftly
                  | and evasively. [Tengu growth]
  2450 | D:3      | Reached XP level 5. HP: 28/28 MP: 1/10
  2670 | D:3      | Found a bloodstained altar of Trog.
  2671 | D:3      | Found a broken altar of Ashenzari.
  2676 | D:3      | Found a glowing silver altar of Zin.
  2678 | D:3      | Became a worshipper of Ashenzari the Shackled
  2681 | D:3      | Found a glowing golden altar of the Shining One.
  3165 | D:3      | Noticed Ijyb
  3174 | D:3      | Killed Ijyb
  3175 | D:3      | Reached skill level 5 in Conjurations
  3270 | D:3      | Huge Dmg: 8 dmg
  3270 | D:3      | Killed from afar by an orc priest

Illustrated notes

Levels and vault maps discovered:
D:1:      ncdulo_halloftheorcs, layout_loops_ring, hex_large
D:2:      layout_rooms, minmay_pentomino_o2, uniq_natasha
D:3:      layout_basic, nicolae_overflow_macrodata_refinement, uniq_ijyb

Skill      XL: |  1  2  3  4  5 |
---------------+----------------+-----
Conjurations   | 2 3 4 5 |  5.2
Fire Magic     | 4 |  4.3
Spellcasting   | 3 |  3.1
Dodging        | |  2.1
Stealth        | |  2.0

Action                     |  1- 3 |  4- 6 || total
---------------------------+-------+-------++-------
  Melee: Mace              |    19 |     1 ||    20
         Peck              |     4 |     1 ||     5
         Kick              |     6 |     3 ||     9
         Hand axe          |       |    10 ||    10
   Cast: Foxfire           |    67 |    32 ||    99
         Scorch            |     2 |     9 ||    11
   Stab: Sleeping          |     1 |       ||     1
 Armour: Robe              |     1 |       ||     1
         Ring mail         |    20 |    11 ||    31
  Dodge: Dodged            |    29 |    10 ||    39

Table legend: (Time is in decaauts)
 A = Elapsed time spent in this place.
 B = Non-inter-level travel time spent in this place.
 C = Inter-level travel time spent in this place.
 D = Time resting spent in this place.
 E = Time spent auto-exploring this place.
 F = Levels seen in this place.
 G = Mean time per level.
                   A        B        C        D        E       F      G
               +--------+--------+--------+--------+--------+-----+--------+
         Total |   3238 |   3128 |    110 |    111 |   2670 |   3 | 1079.3 |
       Dungeon |   3238 |   3128 |    110 |    111 |   2670 |   3 | 1079.3 |
               +--------+--------+--------+--------+--------+-----+--------+

Top non-repeatable levels by time:
     D:2: 1435 daAuts
     D:1: 1023 daAuts
     D:3: 779 daAuts
